 Dungeon Crawl Stone Soup version 0.23.2-1-ga50397a6bc (webtiles) character file.

Game seed: 544310596286298583

9006 Dickuana the Fighter (level 11, -22/81 HPs)
             Began as an Octopode Monk on Apr 21, 2019.
             Was a High Priest of Cheibriados.
             Annihilated by a two-headed ogre
             ... wielding a +0 giant spiked club
              (30 damage)
             ... on level 10 of the Dungeon.
             The game lasted 00:13:31 (11638 turns).

Dickuana the Fighter (Octopode Monk)               Turns: 11638, Time: 00:13:32

Health: -22/81     AC:  1    Str: 27    XL:     11   Next: 39%
Magic:  15/15      EV: 20    Int: 32    God:    Cheibriados [*****.]
Gold:   816        SH:  6    Dex: 25    Spells: 8/10 levels left

rFire    . . .     SeeInvis +     - Unarmed
rCold    . . .     Gourm    .   o - +0 buckler
rNeg     . . .     Faith    .   (helmet restricted)
rPois    +         Spirit   .   (no amulet)
rElec    .         Reflect  .   n - ring of see invisible
rCorr    .         Harm     .   x - +2 ring of intelligence
MR       .....                  A - ring of the Pariah {rPois Str+2 Int+3 Slay+2}
Stlth    ++++++....             G - +3 ring of intelligence
HPRegen  0.23/turn              (no ring)
MPRegen  0.14/turn              (no ring)
                                (no ring)
                                (no ring)

@: very slow
A: almost no armour, stealthy swim, amphibious, 8 rings, constrict 8, camouflage
1, gelatinous body 1
a: Bend Time, Temporal Distortion, Slouch, Step From Time, Renounce Religion


You were on level 10 of the Dungeon.
You worshipped Cheibriados.
Cheibriados was extremely pleased with you.
You were not hungry.

You visited 2 branches of the dungeon, and saw 11 of its levels.
You also visited: Ossuary.

You collected 816 gold pieces.

Inventory:

Armour
 o - a +0 buckler (worn)
Jewellery
 n - a ring of see invisible (left tentacle)
 x - a +2 ring of intelligence (right tentacle)
 A - the ring of the Pariah (on tentacle) {rPois Str+2 Int+3 Slay+2}
   (You found it on level 7 of the Dungeon)

   [ring of poison resistance]

   It affects your strength (+2).
   It affects your intelligence (+3).
   It affects your accuracy and damage with ranged weapons and melee attacks
   (+2).
   It protects you from poison.
 G - a +3 ring of intelligence (on tentacle)
Wands
 v - a wand of flame (6)
 y - a wand of paralysis (6)
 C - a wand of enslavement (4)
Scrolls
 b - 8 scrolls of remove curse
 d - 12 scrolls of identify
 e - 3 scrolls of blinking {unknown}
 f - 9 scrolls of teleportation {unknown}
 l - 2 scrolls of fear {unknown}
 m - 4 scrolls of amnesia
 p - 3 scrolls of fog {unknown}
 q - 3 scrolls of noise {unknown}
 r - 3 scrolls of magic mapping {unknown}
 t - 2 scrolls of random uselessness {unknown}
 u - 3 scrolls of enchant weapon {unknown}
 w - 3 scrolls of immolation {unknown}
 z - 3 scrolls of enchant armour {unknown}
 D - a scroll of holy word {unknown}
 E - 2 scrolls of vulnerability {unknown}
Potions
 c - 4 potions of curing
 g - a potion of might
 h - 2 potions of mutation {unknown}
 i - 2 potions of degeneration {unknown}
 j - a potion of agility
 k - a potion of resistance
 s - 3 potions of brilliance {unknown}
 B - a potion of heal wounds {unknown}
 F - a potion of haste {unknown}
Miscellaneous
 H - a fan of gales (inert)
Comestibles
 a - 30 rations


   Skills:
 * Level 9.7 Fighting
 + Level 7.1 Dodging
 + Level 9.7 Stealth
 - Level 4.0 Shields
 * Level 9.7 Unarmed Combat
 + Level 6.2 Invocations


You had 8 spell levels left.
You knew the following spells:

 Your Spells              Type           Power        Failure   Level  Hunger
a - Blink                 Tloc           N/A          13%         2    ###....

Your spell library contained the following spells:

 Spells                   Type           Power        Failure   Level  Hunger
 Animate Skeleton         Necr           N/A          9%          1    ##.....
 Apportation              Tloc           #.....       9%          1    ##.....
 Confusing Touch          Hex            #.....       9%          1    ##.....
 Magic Dart               Conj           #...         9%          1    ##.....
 Shock                    Conj/Air       #...         9%          1    ##.....
 Summon Butterflies       Summ           #.......     9%          1    ##.....
 Summon Small Mammal      Summ           #...         9%          1    ##.....
 Call Imp                 Summ           #.......     13%         2    ###....
 Slow                     Hex            #.......     13%         2    ###....
 Swiftness                Chrm/Air       #.......     13%         2    ###....
 Conjure Flame            Conj/Fire      #.......     26%         3    ####...
 Mephitic Cloud           Conj/Pois/Air  #.......     26%         3    ####...
 Static Discharge         Conj/Air       #.......     26%         3    ####...
 Airstrike                Air            #.........   63%         4    #####..
 Lightning Bolt           Conj/Air       #.........   93%         5    ######.


Dungeon Overview and Level Annotations

Branches:
Dungeon (10/15)            Temple (1/1) D:4            Lair (0/6) D:10
    Orc: D:9-12

Altars:
Ashenzari
Cheibriados
Dithmenos
Elyvilon
Fedhas
Gozag
Hepliaklqana
Kikubaaqudgha
Makhleb
Nemelex Xobeh
Okawaru
Qazlal
Ru
Sif Muna
Trog
Vehumet
Wu Jian
Xom
Yredelemnul
The Shining One

Shops:
D:8 [   D:10 %

Annotations:
D:10 3 runed translucent doors


Innate Abilities, Weirdness & Mutations

You cannot wear most types of armour.
You are very stealthy in the water. (Stealth+)
You are amphibious.
You can wear up to eight rings at the same time.
You can use your tentacles to constrict eight enemies at once.
Your skin changes colour to match your surroundings (Stealth+).
Your rubbery body absorbs attacks. (AC +1, EV +1)


Message History

The two-headed ogre easily resists.
The hound closely misses you. The hound bites you.
The two-headed ogre hits you with a +0 giant spiked club!!
The two-headed ogre hits you with a +0 giant spiked club.
* * * LOW HITPOINT WARNING * * *
Unknown command.
Okay, then.
Okay, then.
Evoke which item? (* to show all) (? for menu, Esc to quit)
A fierce wind blows from the fan.
The hound is blown away by the wind.
Unknown command.
Evoke which item? (* to show all) (? for menu, Esc to quit)
Aiming: Paralyse
Press: ? - help, Shift-Dir - straight line, f/p - two-headed ogre
Aim: a two-headed ogre, wielding two +0 giant spiked clubs (chance to defeat MR: 28%)
The two-headed ogre easily resists.
The two-headed ogre hits you with a +0 giant spiked club!
* * * LOW HITPOINT WARNING * * *
The two-headed ogre hits you with a +0 giant spiked club!!
You die...

####. . ##.#####.. #. ..
#.....# . . .#.....# #
#..##.# ##..#.#########
###.. #..#..>......# ....
##..'.........# ###
###...#..########
###..####....##@O#
.............#..........
........#....#...h......
....#...#....+..........
#+##+##'##....#########..
..##.##.#####....... .
............#.......
............#....... #
............#....... #


You could see a two-headed ogre and a hound.

Vanquished Creatures
  Josephine (D:10)
  A centaur zombie (D:10)
  A komodo dragon (D:10)
  A vampire (D:9)
  4 wraiths (D:10)
  A human (D:7)
  4 yaks
  Eustachio (D:4)
  2 hogs (D:7)
  A hungry ghost (D:10)
  A steam dragon (D:9)
  2 porcupines (D:10)
  4 sky beasts
  4 orc warriors (D:8)
  A black bear (D:10)
  2 phantoms
  2 ice beasts
  A necrophage (D:9)
  4 ogres
  4 centaurs
  A crocodile (D:10)
  A big kobold (D:9)
  Blork the orc (D:4)
  5 bullfrogs
  7 scorpions
  5 jellies
  14 killer bees
  An electric eel (D:9)
  A howler monkey (D:9)
  2 crimson imps
  5 hounds
  A quasit (D:10)
  A bullfrog zombie (D:9)
  2 bullfrog skeletons
  4 orc priests
  9 orc wizards
  3 centaur skeletons
  Natasha (thrice) (D:3)
  Terence (D:3)
  4 iguanas
  4 worker ants
  8 mummies (Ossuary)
  2 hound skeletons
  A howler monkey zombie (D:10)
  A worker ant zombie (D:7)
  11 adders
  7 gnolls
  2 shadow imps
  2 oozes (D:1)
  2 adder skeletons
  3 adder zombies
  3 worms
  4 dart slugs
  3 leopard geckos
  25 orcs
  2 giant cockroaches
  9 goblins
  9 hobgoblins
  13 jackals
  5 kobolds
  2 quokkas
  7 bats
  A frilled lizard (D:1)
  5 hobgoblin zombies (Ossuary)
  2 kobold zombies (Ossuary)
  A leopard gecko skeleton (D:7)
  An orc zombie (Ossuary)
  9 rats
  A spectral orc (D:7)
258 creatures vanquished.

Vanquished Creatures (collateral kills)
  An orc priest (D:8)
1 creature vanquished.

Vanquished Creatures (others)
  A yak (D:10)
  40 fungi (D:10)
  10 plants (D:10)
51 creatures vanquished.

Grand Total: 310 creatures vanquished

Notes
Turn   | Place    | Note
-------+----------+-------------------------------------------
     0 | D:1      | Dickuana the Octopode Monk began the quest for the Orb.
     0 | D:1      | Reached XP level 1. HP: 16/16 MP: 1/1
    28 | D:1      | Reached XP level 2. HP: 21/21 MP: 2/2
   557 | D:1      | Reached XP level 3. HP: 26/26 MP: 3/3
  1325 | D:2      | Reached XP level 4. HP: 31/32 MP: 4/4
  2125 | D:2      | Found an opulent altar of Gozag.
  2431 | D:3      | Reached XP level 5. HP: 28/37 MP: 5/5
  2839 | D:3      | Found a shimmering altar of Xom.
  2888 | D:3      | Noticed Natasha
  2896 | D:3      | Killed Natasha
  3035 | D:3      | Found an iron altar of Okawaru.
  3160 | D:3      | Noticed Terence
  3175 | D:3      | Killed Terence
  3317 | D:3      | Noticed Natasha
  3322 | D:3      | Killed Natasha
  3322 | D:3      | Reached XP level 6. HP: 44/44 MP: 6/6
  3678 | D:3      | Noticed Natasha
  3684 | D:3      | Killed Natasha
  4023 | D:4      | Reached skill level 5 in Fighting
  4023 | D:4      | Reached skill level 5 in Unarmed Combat
  4027 | D:4      | Found a staircase to the Ecumenical Temple.
  4033 | D:4      | Reached XP level 7. HP: 47/50 MP: 7/7
  4048 | Temple   | Entered the Ecumenical Temple
  4059 | Temple   | Became a worshipper of Cheibriados the Contemplative
  4059 | Temple   | Reached * piety under Cheibriados
  4059 | Temple   | Reached ** piety under Cheibriados
  4085 | D:4      | Noticed Blork the orc
  4092 | D:4      | Killed Blork the orc
  4092 | D:4      | Reached skill level 5 in Stealth
  4110 | D:4      | Noticed Eustachio
  4132 | D:4      | Killed Eustachio
  4132 | D:4      | Reached skill level 1 in Invocations
  4140 | D:4      | You fall through a shaft!
  4140 | D:5      | Entered Level 5 of the Dungeon
  4377 | D:5      | Reached XP level 8. HP: 42/57 MP: 9/9
  4815 | D:5      | Reached skill level 1 in Shields
  5447 | D:4      | Found a bloodstained altar of Trog.
  5635 | D:4      | You fall through a shaft for 2 floors!
  5957 | D:6      | Reached *** piety under Cheibriados
  6131 | D:6      | Reached skill level 5 in Dodging
  6180 | D:6      | Reached XP level 9. HP: 29/63 MP: 11/11
  6403 | D:6      | Found an ornate altar of the Wu Jian Council.
  6798 | D:6      | Found an ancient bone altar of Kikubaaqudgha.
  6798 | D:6      | Found a deep blue altar of Sif Muna.
  6807 | D:6      | Identified Sif Muna's Reference Book on Companions
  6821 | D:6      | Found a radiant altar of Vehumet.
  6994 | D:7      | Got a scintillating ivory ring
  7101 | D:7      | Reached **** piety under Cheibriados
  7127 | D:7      | Found a sand-covered staircase.
  7173 | D:7      | Found a basalt altar of Yredelemnul.
  7206 | Ossuary  | Entered an ossuary
  7366 | Ossuary  | Identified the ring of the Pariah {rPois Str+2 Int+3
                  | Slay+2} (You found it on level 7 of the Dungeon)
  8083 | D:7      | Reached XP level 10. HP: 69/72 MP: 13/13
  8238 | D:8      | Reached ***** piety under Cheibriados
  8635 | D:8      | Found Bigom's Armour Boutique.
  9018 | D:8      | Found a sparkling altar of Nemelex Xobeh.
  9170 | D:9      | Found a glowing golden altar of the Shining One.
  9299 | D:9      | Reached skill level 5 in Invocations
  9618 | D:9      | Found a hazy altar of Hepliaklqana.
  9892 | D:9      | Learned a level 2 spell: Blink
  9909 | D:10     | Entered Level 10 of the Dungeon
  9948 | D:10     | Found a runed translucent gate.
  9949 | D:10     | Found a runed translucent gate.
  9950 | D:10     | Found a runed translucent gate.
  9988 | D:10     | Found Gydariok's Food Boutique.
 10620 | D:10     | Reached XP level 11. HP: 77/80 MP: 15/15
 10625 | D:10     | Noticed Josephine
 10632 | D:10     | Killed Josephine
 11537 | D:10     | Found a staircase to the Lair.
 11621 | D:10     | Noticed a two-headed ogre
 11638 | D:10     | Annihilated by a two-headed ogre

Skill      XL: |  1  2  3  4  5  6  7  8  9 10 11 |
---------------+----------------------------------+-----
Stealth        | 3 4 5 6 7 9 |  9.7
Unarmed Combat | 4 5 6 7 9 |  9.7
Fighting       | 4 5 6 7 9 |  9.7
Dodging        | 4 5 6 7 |  7.1
Invocations    | 1 3 4 5 6 |  6.2
Shields        | 2 4 |  4.0

Action                   |  1- 3 |  4- 6 |  7- 9 | 10-12 || total
-------------------------+-------+-------+-------+-------++-------
Melee: Unarmed           |    66 |   123 |   238 |   186 ||   613
       Constrict         |    19 |    30 |    53 |    36 ||   138
       Tentacles         |    14 |    25 |    91 |    67 ||   197
       Punch             |       |     5 |    16 |    25 ||    46
Invok: Slouch            |       |       |       |     4 ||     4
Evoke: Wand              |       |       |       |    11 ||    11
       Fan of gales      |       |       |       |     1 ||     1
  Use: Potion            |       |     3 |     5 |       ||     8
       Scroll            |       |       |     2 |       ||     2
 Stab: Sleeping          |    10 |     9 |    19 |    16 ||    54
       Distracted        |       |       |     4 |       ||     4
  Eat: Chunk             |     1 |     9 |     6 |     5 ||    21
       Ration            |       |       |       |     1 ||     1
Armor: Skin              |     4 |     5 |     4 |     6 ||    19
Dodge: Dodged            |    44 |    70 |   105 |   119 ||   338
Block: Buckler           |       |       |    39 |    41 ||    80
